 Dungeon Crawl Stone Soup version 0.21.0 (webtiles) character file.

46566 KamiKatze the Severer (level 14, -16/129 HPs)
             Began as a Minotaur Berserker on Jan 6, 2018.
             Was a High Priest of Trog.
             Killed from afar by a tengu reaver (39 damage)
             ... with a bolt of lightning
             ... on level 12 of the Dungeon on Jan 7, 2018.
             The game lasted 01:49:20 (22567 turns).

KamiKatze the Severer (Minotaur Berserker)         Turns: 22567, Time: 01:49:20

Health: -16/129    AC: 26    Str: 26    XL:     14   Next: 5%
Magic:  4/4        EV: 13    Int:  4    God:    Trog [*****.]
Gold:   3060       SH:  0    Dex: 11    Spells: 13/13 levels left

rFire    + . .     SeeInvis .   I - +0 hand axe of Karma {antimagic, rF+ rN+}
rCold    . . .     Gourm    .   (no shield)
rNeg     + . .     Faith    .   B - +0 plate armour
rPois    +         Spirit   .   (helmet restricted)
rElec    .         Reflect  .   O - +0 cloak
rCorr    .         Harm     .   N - +0 pair of gloves
MR       +++..                  K - +1 pair of boots
Stlth    ..........             C - amulet of regeneration
HPRegen  1.71/turn              E - +5 ring of protection
MPRegen  0.09/turn              H - ring of poison resistance

@: regenerating
A: retaliatory headbutt, horns 2
a: Berserk, Trog's Hand, Brothers in Arms, Burn Spellbooks, Renounce Religion


You were on level 12 of the Dungeon.
You worshipped Trog.
Trog was extremely pleased with you.
You were not hungry.

You visited 5 branches of the dungeon, and saw 22 of its levels.
You also visited: Ossuary and Bailey.

You collected 4136 gold pieces.
You spent 1076 gold pieces at shops.

Inventory:

Hand Weapons
 a - a +3 battleaxe of venom
 b - a +1 war axe of flaming
 G - a +3 antimagic executioner's axe
 I - the +0 hand axe of Karma (weapon) {antimagic, rF+ rN+}
   (You bought it in a shop on level 2 of the Orcish Mines)

   It reduces the magical energy of the wielder, and disrupts the spells and
   magical abilities of those hit.
   Natural abilities and divine invocations are not affected.
   It protects you from fire.
   It protects you from negative energy.
Missiles
 g - 419 stones (quivered)
 m - 11 tomahawks
 s - 9 throwing nets
 y - 7 javelins of returning
Armour
 B - a +0 plate armour (worn)
 K - a +1 pair of boots (worn)
 N - a +0 pair of gloves (worn)
 O - a +0 cloak (worn)
Jewellery
 n - an uncursed ring of protection from cold
 r - an uncursed ring of positive energy
 z - an uncursed ring of positive energy
 C - an amulet of regeneration (around neck)
 E - a +5 ring of protection (left hand)
 H - a ring of poison resistance (right hand)
 P - an uncursed amulet of the gourmand
 S - an uncursed amulet of guardian spirit
Wands
 D - a wand of digging (23)
 J - a wand of random effects (26)
 M - a wand of polymorph (6)
 U - a wand of acid (9)
Scrolls
 f - 10 scrolls of remove curse
 k - 4 scrolls of blinking
 p - 2 scrolls of fear
 u - 7 scrolls of identify
 v - 9 scrolls of teleportation
 x - 5 scrolls of fog
 F - 2 scrolls of magic mapping
 R - a scroll of enchant weapon
Potions
 d - 2 potions of lignification
 e - 4 potions of invisibility
 h - 9 potions of curing
 i - 2 potions of heal wounds
 j - 3 potions of haste
 l - a potion of agility
 o - 4 potions of flight
 t - 2 potions of might
 w - 4 potions of brilliance
 A - 7 potions of resistance
 Q - a potion of ambrosia
Miscellaneous
 L - a lightning rod (4/4)
Comestibles
 c - 37 rations
 q - 5 chunks of flesh


   Skills:
 + Level 13.4 Fighting
 * Level 17.7 Axes
 + Level 13.1 Armour
 + Level 12.1 Dodging


You had 13 spell levels left.
You didn't know any spells.

Dungeon Overview and Level Annotations

Branches:
Dungeon (12/15)            Temple (1/1) D:7            Lair (6/6) D:11
  Swamp (0/4) Lair:4       Spider (0/4) Lair:4        Slime (0/5) Lair:5
    Orc (2/2) D:10            Elf (1/3) Orc:2

Altars:
Ashenzari
Cheibriados
Dithmenos
Elyvilon
Fedhas
Gozag
Hepliaklqana
Kikubaaqudgha
Makhleb
Nemelex Xobeh
Okawaru
Qazlal
Ru
Sif Muna
Trog
Uskayaw
Vehumet
Wu Jian
Xom
Yredelemnul
Zin
The Shining One
Jiyva

Shops:
D:6 *   D:12 ?%?%   Orc:1 :   Orc:2 [=:(*=

Annotations:
D:5 5 runed doors
D:12 Frances
Lair:5 1 runed door
Lair:6 complete!
Elf:1 Azrael


Innate Abilities, Weirdness & Mutations

You reflexively headbutt those who attack you in melee.
You have a pair of horns on your head.


Message History

Unknown command.
Unknown command.
Okay, then.
You feel much better.
The tengu reaver hits you but does no damage.
The tengu reaver pecks you but does no damage.
The tengu reaver claws you but does no damage.
Your skin crawls.
You feel resistant to hostile enchantments.
You feel somewhat more hungry. The tengu reaver barely misses you.
The tengu reaver pecks you but does no damage.
The tengu reaver claws you.
* * * LOW HITPOINT WARNING * * *
You closely miss the tengu reaver. You headbutt the tengu reaver!
The tengu reaver is lightly wounded.
You hit the tengu reaver but do no damage.
The tengu reaver is lightly wounded.
The tengu reaver gestures at you while chanting.
The bolt of lightning hits you!
You die...

#.............>#.............
#####..............#...###...##..
...................#...# #+### ..
...................#... .
.........*.........#...
.........Q.........#(.
...........[.......#####
............#####..*...#
#########'###..Q@......#
###.#####.......#......#
##=#.##.##......#......#
#.#.#.##)#.######......#
.##.##..##.#.........###
#.#.#.##.###.........#
##.#.##..#...........#
.#####.###...........#
.....................#


You could see a tengu reaver and a battlesphere.

Vanquished Creatures
  An orc warlord (Orc:2)
  An ettin (D:12)
  A crystal guardian (D:12)
  Erolcha (D:12)
  3 hydras
  3 two-headed ogres
  3 orc high priests
  A death yak (Lair:5)
  2 unseen horrors
  A deep troll (D:12)
  6 orc knights
  2 orc sorcerers (Orc:2)
  2 ugly things
  4 black mambas (Lair:4)
  5 elephants
  Maurice (D:9)
  A rime drake (Lair:4)
  5 spiny frogs
  A centaur skeleton (D:11)
  3 komodo dragons
  3 trolls
  2 jumping spiders (Lair:4)
  A tyrant leech (Lair:4)
  14 blink frogs
  4 slime creatures (D:12)
  4 hippogriffs
  2 redbacks (Lair:4)
  A wyvern (Lair:2)
  7 basilisks
  26 yaks
  A human (D:7)
  2 hungry ghosts
  4 hogs (D:7)
  3 wargs
  3 acid dragons
  15 water moccasins
  7 porcupines
  27 orc warriors
  2 swamp drakes
  2 ice beasts
  3 sky beasts
  15 ogres
  A centaur (D:11)
  5 wolves (Lair:4)
  5 crocodiles
  15 bullfrogs
  2 wyvern zombies
  9 gnoll sergeants
  2 scorpions
  8 wights
  12 killer bees
  2 howler monkeys (D:12)
  6 electric eels (D:10)
  4 crimson imps
  6 jellies
  A bullfrog zombie (D:8)
  2 bullfrog skeletons
  6 gnoll shamans (Bailey)
  A human zombie (Ossuary)
  10 orc priests
  9 hounds
  4 iguanas
  20 orc wizards
  6 worker ants
  A killer bee zombie (D:8)
  2 big kobold zombies (Ossuary)
  A hound skeleton (D:7)
  5 mummies
  A worker ant zombie (D:10)
  29 gnolls
  11 adders
  4 shadow imps
  2 oozes
  2 adder zombies
  2 adder skeletons (D:4)
  2 worms
  A dart slug (D:2)
  8 leopard geckos
  57 orcs
  2 ball pythons (D:1)
  6 giant cockroaches
  9 goblins
  6 hobgoblins
  10 jackals
  4 quokkas
  8 bats
  7 frilled lizards
  A gnoll zombie (Ossuary)
  A goblin zombie (Ossuary)
  A hobgoblin zombie (D:7)
  A jackal skeleton (D:3)
  7 kobolds
  3 kobold zombies
  A leopard gecko skeleton (D:7)
  4 orc zombies
  9 rats
  2 rat zombies (Ossuary)
  4 fungi
  5 plants
550 creatures vanquished.

Vanquished Creatures (others)
  5 dream sheep (Lair:1)
  An orc wizard (Orc:2)
  2 bushes (Lair:3)
  5 fungi (Orc:2)
  A plant (Lair:4)
14 creatures vanquished.

Grand Total: 564 creatures vanquished

Notes
Turn   | Place    | Note
-------+----------+-------------------------------------------
     0 | D:1      | KamiKatze the Minotaur Berserker began the quest for the Orb.
     0 | D:1      | Reached XP level 1. HP: 19/19 MP: 0/0
   244 | D:1      | Reached XP level 2. HP: 23/27 MP: 1/1
   251 | D:1      | Reached skill level 4 in Axes
   502 | D:1      | Reached XP level 3. HP: 27/33 MP: 2/2
   687 | D:1      | You fall through a shaft!
  1150 | D:2      | Reached ** piety under Trog
  1150 | D:2      | Reached XP level 4. HP: 39/40 MP: 3/3
  1203 | D:2      | Found a blossoming altar of Fedhas.
  1252 | D:2      | Found a white marble altar of Elyvilon.
  1546 | D:3      | Reached skill level 5 in Axes
  2041 | D:3      | Found a deep blue altar of Sif Muna.
  2096 | D:4      | Reached XP level 5. HP: 45/47 MP: 4/4
  2099 | D:4      | Reached *** piety under Trog
  2366 | D:4      | Reached skill level 6 in Axes
  2366 | D:4      | Reached XP level 6. HP: 42/55 MP: 5/5
  2401 | D:4      | Reached skill level 5 in Fighting
  2553 | D:4      | Found an iron altar of Okawaru.
  2555 | D:4      | Found a burning altar of Makhleb.
  2630 | D:4      | Found an ornate altar of the Wu Jian Council.
  2962 | D:4      | Reached XP level 7. HP: 54/61 MP: 6/6
  3110 | D:5      | Entered Level 5 of the Dungeon
  3290 | D:5      | Found an ornate altar of the Wu Jian Council.
  3409 | D:5      | Reached skill level 7 in Axes
  3428 | D:5      | Found a radiant altar of Vehumet.
  3888 | D:5      | Found a runed gate.
  3928 | D:5      | Found a runed door.
  3939 | D:5      | Found a runed gate.
  3939 | D:5      | Found a runed gate.
  3949 | D:5      | Found a runed door.
  3961 | D:5      | Found the +9 staff of Olgreb {rPois}
  4066 | D:6      | Found Zin's Purification Station.
  4066 | D:6      | Found a glowing silver altar of Zin.
  4244 | D:6      | Reached skill level 5 in Armour
  4612 | D:6      | Found a sacrificial altar of Ru.
  5293 | D:7      | Reached skill level 8 in Axes
  5293 | D:7      | Reached XP level 8. HP: 56/70 MP: 7/7
  5363 | D:7      | Reached skill level 5 in Dodging
  5388 | D:7      | Received a gift from Trog
  5449 | D:7      | Found a hazy altar of Hepliaklqana.
  5450 | D:7      | Found a shimmering altar of Xom.
  5451 | D:7      | Noticed a spectral ugly thing
  5597 | D:7      | Found a burning altar of Makhleb.
  5758 | D:7      | Found a staircase to the Ecumenical Temple.
  5797 | Temple   | Entered the Ecumenical Temple
  6083 | D:7      | Reached skill level 9 in Axes
  6374 | D:7      | Reached **** piety under Trog
  6380 | D:7      | Reached XP level 9. HP: 25/79 MP: 8/8
  6391 | D:7      | Reached skill level 10 in Axes
  6775 | D:8      | Found a sand-covered staircase.
  6791 | Ossuary  | Entered an ossuary
  7411 | D:8      | Found the +3 robe of Folly {Archmagi, MR-- Int+5}
  7440 | D:8      | Reached skill level 11 in Axes
  7958 | D:9      | Found a shattered altar of Ashenzari.
  8071 | D:9      | Found an ornate altar of the Wu Jian Council.
  8112 | D:9      | Found a stormy altar of Qazlal.
  8179 | D:9      | Reached XP level 10. HP: 76/90 MP: 9/9
  8180 | D:9      | Reached ***** piety under Trog
  8343 | D:9      | Found a flagged portal.
  8353 | Bailey   | Entered a bailey
  9001 | Bailey   | Reached skill level 12 in Axes
  9241 | D:9      | Noticed Maurice
  9254 | D:9      | Killed Maurice
  9605 | D:10     | Entered Level 10 of the Dungeon
  9620 | D:10     | HP: 4/91 [electric eel/bolt of electricity (13)]
  9879 | D:10     | Noticed a two-headed ogre
  9884 | D:10     | Killed a two-headed ogre
 10569 | D:11     | Noticed a two-headed ogre
 10612 | D:11     | Killed a two-headed ogre
 10612 | D:11     | Reached skill level 13 in Axes
 10612 | D:11     | Reached XP level 11. HP: 60/99 MP: 10/10
 10745 | D:11     | Reached skill level 10 in Fighting
 11215 | D:11     | Found a staircase to the Lair.
 11351 | D:10     | Noticed a white ugly thing
 12006 | D:10     | Noticed a two-headed ogre
 12016 | D:10     | Killed a two-headed ogre
 12016 | D:10     | Reached skill level 10 in Armour
 12065 | D:10     | Killed a white ugly thing
 12451 | D:10     | Found a staircase to the Orcish Mines.
 12706 | D:10     | Killed an unseen horror
 12706 | D:10     | Reached skill level 14 in Axes
 12937 | Orc:1    | Entered Level 1 of the Orcish Mines
 13211 | Orc:2    | Entered Level 2 of the Orcish Mines
 13501 | Orc:1    | Found an iron altar of Okawaru.
 13681 | Lair:1   | Entered Level 1 of the Lair of Beasts
 14308 | Lair:1   | Found a shimmering altar of Xom.
 14703 | Lair:3   | Noticed an eight-headed hydra
 14754 | Lair:3   | Reached XP level 12. HP: 74/110 MP: 7/11
 14956 | Lair:2   | Noticed an eight-headed hydra
 14973 | Lair:2   | Killed a four-headed hydra
 14973 | Lair:2   | Reached skill level 10 in Dodging
 15220 | Lair:2   | Noticed a seven-headed hydra
 15236 | Lair:2   | Killed a one-headed hydra
 15238 | Lair:2   | Received a gift from Trog
 15270 | Lair:2   | Reached skill level 15 in Axes
 15340 | Lair:3   | Killed a four-headed hydra
 15923 | Lair:6   | Entered Level 6 of the Lair of Beasts
 15923 | Lair:6   | Noticed a death yak
 16969 | Lair:4   | Found a hole to the Spider Nest.
 17223 | Lair:4   | Reached skill level 16 in Axes
 17715 | Lair:4   | Reached XP level 13. HP: 72/118 MP: 7/12
 17999 | Lair:4   | Found a staircase to the Swamp.
 18343 | Lair:5   | Found a runed door.
 18343 | Lair:5   | Found a viscous altar of Jiyva.
 18343 | Lair:5   | Found a staircase to the Slime Pits.
 18343 | Lair:5   | Noticed an acid blob
 18343 | Lair:5   | Noticed an acid blob
 18343 | Lair:5   | Noticed an acid blob
 19468 | Orc:2    | Found Fitroth's Jewellery Shoppe.
 19578 | Orc:2    | Paralysed by an orc sorcerer for 3 turns
 20025 | Orc:2    | Received a gift from Trog
 20202 | Orc:1    | Found Wyfeela's Book Emporium.
 20365 | Orc:2    | Found Laurphir's Book Boutique.
 20381 | Orc:2    | Reached skill level 17 in Axes
 20411 | Orc:2    | Found Onned's Antique Armour Boutique.
 20433 | Orc:2    | Found Buduvaf's General Store.
 20484 | Orc:2    | Noticed an orc warlord
 21037 | Orc:2    | Received a gift from Trog
 21048 | Orc:2    | Killed an orc warlord
 21197 | Orc:2    | Found a staircase to the Elven Halls.
 21287 | Orc:2    | Found Beghot's Antique Weapon Boutique.
 21435 | Orc:2    | Found Weloa's Jewellery Shop.
 21447 | Orc:2    | Bought an uncursed amulet of regeneration for 420 gold pieces
 21447 | Orc:2    | Bought an uncursed ring of poison resistance for 280 gold pieces
 21464 | Orc:2    | Bought an ancient hand axe for 152 gold pieces
 21465 | Orc:2    | Identified the cursed +0 hand axe of Karma {antimagic, rF+ rN+} (You bought it in a shop on level 2 of the Orcish Mines)
 21493 | Orc:2    | Bought a +0 pair of gloves for 67 gold pieces
 21577 | Elf:1    | Entered Level 1 of the Elven Halls
 21577 | Elf:1    | Noticed Azrael
 21752 | D:12     | Noticed Frances
 21821 | D:12     | Noticed an ettin
 21821 | D:12     | Noticed a crystal guardian
 21825 | D:12     | Noticed a tengu reaver
 22044 | D:12     | Found Hyejas's Magic Scroll Shop.
 22092 | D:12     | Noticed Erolcha
 22104 | D:12     | Killed Erolcha
 22304 | D:12     | Found Agunawel's Food Shop.
 22307 | D:12     | Found Qine's Food Boutique.
 22333 | D:12     | Killed an ettin
 22333 | D:12     | Reached XP level 14. HP: 74/129 MP: 13/13
 22383 | D:12     | Found a shimmering altar of Xom.
 22413 | D:12     | Found Pepasem's Magic Scroll Shoppe.
 22416 | D:12     | Bought a scroll of teleportation for 45 gold pieces
 22416 | D:12     | Bought a scroll of blinking for 112 gold pieces
 22563 | D:12     | HP: 3/129 [battlesphere[a tengu reaver] (14)]
 22567 | D:12     | Killed from afar by a tengu reaver

Skill      XL: |  1  2  3  4  5  6  7  8  9 10 11 12 13 |
---------------+----------------------------------------+-----
Axes           | 4 5 6 8 9 11 13 14 16 17 | 17.7
Fighting       | 4 5 6 7 8 9 11 12 13 | 13.4
Armour         | 3 4 5 6 8 9 10 11 13 | 13.1
Dodging        | 3 4 6 7 8 9 11 12 | 12.1

Action                   |  1- 3 |  4- 6 |  7- 9 | 10-12 | 13-15 || total
-------------------------+-------+-------+-------+-------+-------++-------
Melee: Hand axe          |    52 |   178 |   186 |       |     5 ||   421
       Headbutt          |     8 |    29 |    67 |   160 |    91 ||   355
       War axe           |       |       |   199 |   589 |       ||   788
       Battleaxe         |       |       |       |    75 |   364 ||   439
Invok: Burn Spellbooks   |       |     1 |       |       |     2 ||     3
       Trog's Hand       |       |       |     3 |    11 |     3 ||    17
       Berserk           |       |       |     2 |     5 |       ||     7
Evoke: Wand              |       |       |       |     1 |       ||     1
  Use: Scroll            |       |     8 |    11 |     4 |     6 ||    29
       Potion            |       |       |       |       |     2 ||     2
 Stab: Confused          |       |       |       |     3 |       ||     3
  Eat: Chunk             |     1 |     6 |    23 |    34 |    15 ||    79
       Ration            |       |       |       |     2 |       ||     2
Armor: Leather armour    |    10 |     9 |       |       |       ||    19
       Ring mail         |       |    15 |       |       |       ||    15
       Scale mail        |       |    38 |    57 |       |       ||    95
       Chain mail        |       |       |    79 |   181 |       ||   260
       Plate armour      |       |       |       |   128 |   191 ||   319
Dodge: Dodged            |    44 |    80 |   199 |   354 |   184 ||   861
